 Dungeon Crawl Stone Soup version 0.28-a0-1087-gf3fc490d9d (webtiles) character file.

Game seed: 4190652528395107440

1218 meatgazer the Distorting Demonspawn (level 8, -1/93 HPs)
             Began as a Demonspawn Abyssal Knight on Dec 10, 2021.
             Was a Believer of Lugonu.
             Succumbed to an orc wizard's poison
             ... on level 5 of the Dungeon.
             The game lasted 00:07:02 (7030 turns).

meatgazer the Distorting Demonspawn (DsAK)          Turns: 7030, Time: 00:07:03

Health: -1/93      AC: 24    Str: 13    XL:     8   Next: 22%
Magic:  12/12      EV:  2    Int: 14    God:    Lugonu [**....]
Gold:   601        SH:  0    Dex: 16    Spells: 7/7 levels left

rFire   . . .      SeeInvis .   a - +4 falchion
rCold   . . .      Faith    .   (no shield)
rNeg    . . .      Spirit   .   (armour currently unavailable)
rPois   +          Reflect  .   (helmet currently unavailable)
rElec   .          Harm     .   (cloak currently unavailable)
rCorr   .          Rampage  .   (gloves currently unavailable)
Will    .....      NoTele   +   (boots currently unavailable)
Stlth   ++........              j - amulet of the acrobat
HPRegen 0.25/turn               e - +4 ring of evasion
MPRegen 0.13/turn               g - +4 ring of evasion

@: lethally poisoned (-1 -> -25), tree-form
A: stationary, stasis, torment immunity, boosted hp, (demonic touch 2), clever
1, deterioration 1, inability to read while threatened
a: Renounce Religion, Depart the Abyss, Bend Space


You were on level 5 of the Dungeon.
You worshipped Lugonu.
Lugonu was pleased with you.
You were a tree.
You visited 1 branch of the dungeon, and saw 6 of its levels.
You visited the Abyss 1 time.

You collected 601 gold pieces.

Inventory:

Hand Weapons
 a - a +4 falchion (weapon)
Missiles
 q - 2 throwing nets
Armour
 i - a +2 leather armour of willpower (melded)
 r - a +0 helmet (melded)
Jewellery
 c - a ring of protection from cold
 d - a ring of protection from cold
 e - a +4 ring of evasion (left branch)
 g - a +4 ring of evasion (right branch)
 h - a ring of magical power
 j - an amulet of the acrobat (around neck)
 m - a ring of ice
Wands
 o - a wand of polymorph (2)
Scrolls
 b - a scroll of immolation
Potions
 k - a potion of resistance
 l - a potion of haste
 p - a potion of cancellation


   Skills:
 + Level 5.3 Fighting
 + Level 4.3 Long Blades
 - Level 2.0 Armour
 * Level 5.5 Dodging
 - Level 0.5 Stealth
 + Level 6.2 Invocations


You had 7 spell levels left.
You didn't know any spells.
Your spell library contained the following spells:

 Spells                   Type           Power      Damage    Failure   Level
 Animate Skeleton         Necr           0%         N/A       28%         1
 Pain                     Necr           0%         1d4       28%         1
 Slow                     Hex            0%         N/A       28%         1
 Confusing Touch          Hex            0%         N/A       65%         3
 Inner Flame              Hex/Fire       0%         N/A       65%         3
 Vampiric Draining        Necr           0%         2d6       65%         3
 Cause Fear               Hex            0%         N/A       96%         4
 Discord                  Hex            0%         N/A       100%        8


Dungeon Overview and Level Annotations

Branches:
Dungeon (6/15)
 Temple: D:4-7

Altars:
Trog

Annotations:
D:5 1 runed translucent door, AttackTheMoon's ghost, weakling KoDe


Innate Abilities, Weirdness & Mutations

You are a tree.
Your roots penetrate the ground, keeping you stationary.
You cannot be teleported.
You are immune to unholy pain and torment.
Your maximum health is greatly increased.
Your equipment is partially melded.
((Your touch may inflict irresistible damage on your foes.))
Your mind is acute. (Int +2)
Your body sometimes deteriorates upon taking damage.
You sometimes lose the ability to read scrolls when taking damage.


Message History

You closely miss something.
You feel sick. The orc misses you. Something hits you.
You are more poisoned.
You barely miss something.
You feel sick. The orc completely misses you.
Something hits you but does no damage.
You are more poisoned.
The orc closely misses you.
You closely miss something. Your touch misses something.
You feel very sick. Something closely misses you. The orc closely misses you.
Something hits you.
You barely miss the orc. Your touch misses the orc.
You feel very sick. The orc completely misses you. Something barely misses you.
You slash the orc!
You kill the orc!
Lugonu accepts your kill.
You feel very sick. Something hits you but does no damage.
You are lethally poisoned!
* * * LOW HITPOINT WARNING * * *
You feel very sick. Something misses you.
Things that are here:
a +0 whip; an orc corpse You completely miss something.
Your touch misses something.
* * * LOW HITPOINT WARNING * * *
You feel very sick. Something hits you but does no damage.
You are more poisoned.
You miss something.
You touch something.
* * * LOW HITPOINT WARNING * * *
You feel very sick. Something hits you.
* * * LOW HITPOINT WARNING * * *
You are more poisoned.
It was a potion of lignification.
You turn into a tree.
Your +0 helmet melds into your body.
Your +2 leather armour of willpower melds into your body.
You feel less strong-willed.
Your roots penetrate the ground.
You die...

#<# #.# #.############
#............#
############.# ### #.# #..
########### #.# #..
#.........# #.# #..
########...♣.....###.#####..
#......'..{>.....'...†......
##.#####.........###.#.†....
#.# #...........#.#.#####
#.# #####'#......#.#.# #.#
#......).....#.#.# #.#
#............#+#'##### #.#
#.......#.........#... #.#
#.......#.........#...


There were no monsters in sight!

Vanquished Creatures
  Prince Ribbit (D:5)
  An ogre (D:4)
  2 phantoms (D:4)
  2 scorpions (D:5)
  A wyvern zombie (D:5)
  A water moccasin zombie (D:5)
  A howler monkey (D:4)
  A jelly (D:5)
  A bullfrog skeleton (D:5)
  5 hounds
  4 iguanas
  8 gnolls
  7 adders
  A worm (D:4)
  3 dart slugs
  2 orcs (D:5)
  2 ball pythons (D:1)
  2 bats
  8 endoplasms
  2 giant cockroaches
  5 goblins
  8 hobgoblins
  2 jackals (D:3)
  8 kobolds
  5 quokkas
  8 frilled lizards
  4 rats (D:1)
95 creatures vanquished.

Notes
Turn   | Place    | Note
-------+----------+-------------------------------------------
     0 | Abyss:1  | meatgazer the Demonspawn Abyssal Knight began the quest for
                  | the Orb.
     0 | Abyss:1  | Reached XP level 1. HP: 18/18 MP: 2/2
    37 | Abyss:2  | Found a radiant altar of Vehumet.
    60 | Abyss:2  | Noticed a large abomination
    71 | Abyss:2  | Noticed a ynoxinul
    77 | D:1      | Escaped the Abyss
   534 | D:1      | Reached skill level 1 in Dodging
   630 | D:1      | Reached * piety under Lugonu
   631 | D:1      | Gained mutation: Your touch may inflict minor irresistible
                  | damage on your foes. [demonic ancestry]
   631 | D:1      | Reached XP level 2. HP: 24/24 MP: 4/4
   846 | D:1      | Reached skill level 3 in Invocations
   903 | D:1      | Gained mutation: Your touch may inflict irresistible damage
                  | on your foes. [demonic ancestry]
   903 | D:1      | Reached XP level 3. HP: 29/29 MP: 5/5
  1865 | D:2      | Gained mutation: You passively dampen the noise of your
                  | surroundings. [potion of mutation]
  1866 | D:2      | Lost mutation: You passively dampen the noise of your
                  | surroundings. [potion of mutation]
  1866 | D:2      | Gained mutation: Your body sometimes deteriorates upon
                  | taking damage. [potion of mutation]
  1866 | D:2      | Gained mutation: You sometimes lose the ability to read
                  | scrolls when taking damage. [potion of mutation]
  1866 | D:2      | Gained mutation: Your mind is acute. (Int +2) [potion of
                  | mutation]
  2084 | D:3      | Reached XP level 4. HP: 22/35 MP: 6/6
  2280 | D:3      | Reached ** piety under Lugonu
  2515 | D:3      | Reached XP level 5. HP: 22/42 MP: 7/7
  3108 | D:3      | Found a faded altar of an unknown god.
  3120 | D:3      | Found a bloodstained altar of Trog.
  3965 | D:4      | Noticed an ogre
  3977 | D:4      | Killed an ogre
  3978 | D:4      | Reached skill level 4 in Invocations
  4268 | D:4      | Reached XP level 6. HP: 32/48 MP: 9/9
  4675 | D:4      | Identified a scroll of acquirement
  4675 | D:4      | Acquired 383 gold pieces
  4924 | D:5      | Entered Level 5 of the Dungeon
  4952 | D:5      | Reached skill level 5 in Invocations
  4952 | D:5      | Reached XP level 7. HP: 37/55 MP: 10/10
  5383 | D:5      | Found a runed translucent door.
  5447 | D:5      | Noticed Prince Ribbit
  5491 | D:5      | Killed Prince Ribbit
  5926 | D:5      | Reached skill level 5 in Fighting
  6124 | D:5      | Reached skill level 5 in Dodging
  6144 | D:5      | Reached XP level 8. HP: 62/62 MP: 12/12
  6217 | D:5      | Reached skill level 6 in Invocations
  6945 | D:5      | Noticed AttackTheMoon's ghost (weakling KoDe)
  7029 | D:5      | HP: 2/62 [something (4)]
  7030 | D:5      | Succumbed to an orc wizard's poison

Illustrated notes

Levels and vault maps discovered:
D:1:      dpeg_arrival_rooms_a, layout_loops_ring
D:2:      layout_rooms
D:3:      layout_basic, bloody_trog, hellmonk_ecumenical_altar_blasted,
          wander_ebering_terrifying_dragon_lair
D:4:      layout_basic
D:5:      layout_basic, ebering_ghost_reflecting_pool, uniq_prince_ribbit1
D:6:      layout_loops_cross, minmay_checkerbox, uniq_grinder,
          uniq_crazy_yiuf_cottage

Skill      XL: |  1  2  3  4  5  6  7  8 |
---------------+-------------------------+-----
Dodging        | 1 2 3 4 5 |  5.5
Long Blades    | 2 3 4 |  4.3
Armour         | 2 |  2.0
Invocations    | 3 4 5 6 |  6.2
Fighting       | 4 5 |  5.3
Stealth        | |  0.5

Action                   |  1- 3 |  4- 6 |  7- 9 || total
-------------------------+-------+-------+-------++-------
Melee: Falchion          |    88 |   108 |   130 ||   326
       Touch             |    11 |    18 |    29 ||    58
Invok: Depart the Abyss  |     1 |       |       ||     1
  Use: Scroll            |     6 |     9 |     4 ||    19
       Potion            |     3 |     1 |     3 ||     7
 Stab: Sleeping          |     1 |     1 |     2 ||     4
Armor: Leather armour    |     7 |    14 |    19 ||    40
Dodge: Dodged            |    84 |   119 |   164 ||   367

Table legend: (Time is in decaauts)
 A = Elapsed time spent in this place.
 B = Non-inter-level travel time spent in this place.
 C = Inter-level travel time spent in this place.
 D = Time resting spent in this place.
 E = Time spent auto-exploring this place.
 F = Levels seen in this place.
 G = Mean time per level.
                   A        B        C        D        E       F      G
               +--------+--------+--------+--------+--------+-----+--------+
         Total |   7074 |   6922 |    152 |   1535 |   4511 |   8 |  884.2 |
       Dungeon |   6997 |   6845 |    152 |   1535 |   4464 |   6 | 1166.2 |
         Abyss |     76 |     76 |      0 |      0 |     47 |   2 |   38.0 |
               +--------+--------+--------+--------+--------+-----+--------+

Top non-repeatable levels by time:
     D:5: 2105 daAuts
     D:3: 1851 daAuts
     D:1: 1224 daAuts
     D:4: 1088 daAuts
     D:2: 713 daAuts
 Abyss:2: 43 daAuts
 Abyss:1: 33 daAuts
     D:6: 14 daAuts
